 Seeded DCSS version 0.30-a0-1066-g63dfefce0d (webtiles) character file.

Game seed: 5145654703055823224 (custom seed)

1038 GigaChad the Chopper (level 8, -15/62 HPs)
             Began as a Formicid Fighter on Apr 12, 2023.
             Was a Follower of Okawaru.
             Demolished by a boulder beetle (27 damage)
             ... on level 6 of the Dungeon.
             The game lasted 00:11:45 (4390 turns).

GigaChad the Chopper (Formicid Fighter)             Turns: 4390, Time: 00:11:46

Health: -15/62     AC: 13    Str: 25    XL:     8   Next: 48%
Magic:  8/8        EV:  6    Int:  8    God:    Okawaru [*.....]
Gold:   340        SH:  5    Dex: 13    Spells: 7/7 levels left

rFire   x . .      SeeInvis +    i - +1 battleaxe of the Beginning {freeze, rF- rCorr Str+2}
rCold   . . .      Faith    .    c - +0 buckler
rNeg    . . .      Spirit   .    t - +0 plate armour
rPois   .          Reflect  .    (helmet unavailable)
rElec   .          Rampage  .    v - +0 cloak
rCorr   +                        (no gloves)
Will    .....                    (no boots) Stlth
                                 (no amulet)
HPRegen 0.30/turn                (no ring)
MPRegen 0.11/turn                (no ring)

@: no status effects
A: permanent stasis, dig shafts and tunnels, antennae 3, four strong arms
a: Dig, Shaft Self, Renounce Religion, Heroism


You were on level 6 of the Dungeon.
You worshipped Okawaru.
Okawaru was aware of your devotion.
You visited 1 branch of the dungeon, and saw 6 of its levels.

You collected 340 gold pieces.

Inventory:

Hand Weapons
 a - a +2 war axe
 i - the +1 battleaxe of the Beginning (weapon) {freeze, rF- rCorr Str+2}
   (You acquired it on level 1 of the Dungeon)

   Str:       It affects your strength (+2).
   rF:        It makes you vulnerable to fire.
   rCorr:     It protects you from acid and corrosion.
 p - the +1 dagger "Lups" {chaos, Fly Will+ Dex+3}
   (You found it on level 3 of the Dungeon)

   Dex:       It affects your dexterity (+3).
   Fly:       It grants you flight.
   Will:      It increases your willpower.
Armour
 b - a +0 scale mail
 c - a +0 buckler (worn)
 l - a +0 chain mail
 m - a scarf of shadows
 t - a +0 plate armour (worn)
 v - a +0 cloak (worn)
Scrolls
 g - 5 scrolls of teleportation
 h - a scroll of silence
 k - 5 scrolls of identify
 s - a scroll of enchant armour {unknown}
 x - a scroll of fog {unknown}
Potions
 d - 4 potions of might
 e - a potion of lignification {unknown}
 f - 2 potions of attraction {unknown}
 j - a potion of invisibility {unknown}
 n - a potion of curing {unknown}
 o - a potion of brilliance {unknown}
 q - a potion of resistance {unknown}
 r - a potion of ambrosia {unknown}
 u - a potion of heal wounds {unknown}
 w - a potion of cancellation {unknown}


   Skills:
 * Level 5.0 Fighting
 * Level 7.0 Axes
 * Level 5.7 Armour
 * Level 5.9 Shields


You had 7 spell levels left.
You didn't know any spells.
Your spell library contained the following spells:

 Spells                   Type           Power      Damage    Failure   Level
 Fireball                 Conj/Fire      0%         3d3       100%        5
 Iskenderun's Battlesphe  Conj           0%         2d6       100%        5
 Conjure Ball Lightning   Conj/Air       0%         3x3d6     100%        6
 Orb of Destruction       Conj           0%         9d5       100%        7


Dungeon Overview and Level Annotations

Branches:
Dungeon (6/15)             Temple (0/1) D:4

Altars:
Nemelex Xobeh
Okawaru
Sif Muna
Zin

Annotations:
D:4 3 runed translucent doors, Likado's ghost, novice AtFi
D:6 3 runed translucent doors


Innate Abilities, Weirdness & Mutations

You cannot be hasted, slowed, berserked, paralysed or teleported.
You can dig through walls and to a lower floor.
You have a pair of large antennae on your head. (SInv)
Your four strong arms can wield two-handed weapons with a shield.


Message History

k - 5 scrolls of identify (gained 1)
You now have 327 gold pieces (gained 18).
Found a stone staircase leading down.
You sense a monster nearby.
No target in view!
You sense a monster nearby.
No target in view!
No target in view!
Found a chain mail.
Found a runed translucent gate.
You now have 340 gold pieces (gained 13).
Found a trident and a spear.
f - 2 murky black potions (gained 1) No target in view!
No target in view!
No target in view!
A boulder beetle comes into view.
The boulder beetle curls into a ball and begins rolling!
A boulder beetle is nearby!
A boulder beetle is nearby!
You slice the boulder beetle!! You freeze the boulder beetle.
The boulder beetle is moderately wounded.
The boulder beetle hits you!!!
Ouch! That really hurt!
The boulder beetle stops rolling and uncurls.
The boulder beetle bites you!
* * * LOW HITPOINT WARNING * * *
You slash the boulder beetle! You freeze the boulder beetle.
The boulder beetle is heavily wounded.
The boulder beetle bites you but does no damage.
You hit the boulder beetle but do no damage.
The boulder beetle is heavily wounded.
The boulder beetle closely misses you.
The boulder beetle bites you but does no damage.
You hit the boulder beetle. You freeze the boulder beetle.
The boulder beetle is heavily wounded.
The boulder beetle leaps!
The boulder beetle curls into a ball and begins rolling!
The boulder beetle hits you!!
You die...

#.#.#.#...# #.
#.......... .# #.
#.....#.... .
.###.#######..........
#.#.#...................
# ......°...###.........
#. #.#.°.....###........
#..##...B##.##.#.####.†..
.......@...###.## #.†..
.###..#.######.########.
#.....#...............
#.###.#.####.####..... #
#..>..........###.
#.###.#.#####.#######.
#.......####..........
...[.........########.
..............# #.


You could see a boulder beetle (rolling).

Vanquished Creatures
  2 ogres
  Blork the orc (D:6)
  2 bullfrogs (D:6)
  A scorpion (D:5)
  A howler monkey (D:5)
  2 jellies
  6 hounds
  4 iguanas
  An orc wizard (D:5)
  3 gnolls (D:4)
  11 adders
  2 dart slugs
  2 orcs (D:5)
  9 endoplasms
  5 giant cockroaches
  10 goblins
  5 hobgoblins
  2 jackals (D:1)
  3 quokkas
  7 ball pythons
  2 bats
  10 kobolds
  7 rats
  A butterfly (D:4)
99 creatures vanquished.

Notes
Turn   | Place    | Note
-------+----------+-------------------------------------------
     0 | D:1      | GigaChad the Formicid Fighter began the quest for the Orb.
     0 | D:1      | Reached XP level 1. HP: 18/18 MP: 1/1
   171 | D:1      | Reached XP level 2. HP: 24/24 MP: 2/2
   451 | D:1      | Found a faded altar of an unknown god.
   463 | D:1      | Reached XP level 3. HP: 26/29 MP: 3/3
   465 | D:1      | Identified a scroll of acquirement
   465 | D:1      | Acquired the +1 battleaxe of the Beginning {freeze, rF-
                  | rCorr Str+2}
   944 | D:2      | Reached XP level 4. HP: 37/37 MP: 4/4
  1089 | D:2      | Found a glowing silver altar of Zin.
  1099 | D:2      | Reached skill level 3 in Axes
  1835 | D:3      | Found a shimmering blue altar of Sif Muna.
  1849 | D:3      | Identified the +1 dagger "Lups" {chaos, Fly Will+ Dex+3}
  1967 | D:3      | Reached XP level 5. HP: 42/42 MP: 5/5
  2056 | D:3      | Found a sparkling altar of Nemelex Xobeh.
  2318 | D:4      | Identified the +2 robe of Ivoc {rF- rN+ MP+9}
  2321 | D:4      | Found a staircase to the Ecumenical Temple.
  2354 | D:4      | Noticed an ogre
  2359 | D:4      | Killed an ogre
  2360 | D:4      | Reached skill level 4 in Axes
  2360 | D:4      | Reached XP level 6. HP: 37/48 MP: 6/6
  2417 | D:4      | Reached skill level 5 in Shields
  2586 | D:4      | Found an iron altar of Okawaru.
  2776 | D:4      | Became a worshipper of Warmaster Okawaru
  2878 | D:4      | Reached skill level 5 in Axes
  2902 | D:4      | Found a runed translucent gate.
  2902 | D:4      | Found a runed translucent gate.
  2902 | D:4      | Found a runed translucent gate.
  2907 | D:4      | Noticed Likado's ghost (novice AtFi)
  2939 | D:5      | Entered Level 5 of the Dungeon
  3045 | D:5      | Reached XP level 7. HP: 40/55 MP: 7/7
  3547 | D:5      | Reached skill level 5 in Armour
  3549 | D:5      | Reached * piety under Okawaru
  3552 | D:5      | Reached skill level 6 in Axes
  4003 | D:6      | Noticed Blork the orc
  4006 | D:6      | Killed Blork the orc
  4007 | D:6      | Reached XP level 8. HP: 53/61 MP: 8/8
  4274 | D:6      | Reached skill level 5 in Fighting
  4274 | D:6      | Reached skill level 7 in Axes
  4374 | D:6      | Found a runed translucent gate.
  4374 | D:6      | Found a runed translucent gate.
  4375 | D:6      | Found a runed translucent gate.
  4382 | D:6      | Noticed a boulder beetle
  4390 | D:6      | Demolished by a boulder beetle

Illustrated notes

Levels and vault maps discovered:
D:1:      roderic_dead_forest, layout_loops_ring,
          shapermc_ecumenical_altar_notcrosses
D:2:      layout_loops_cross, basic_altar, serial_park_tiny_1,
          minmay_misc_feat_roman, chequers_mini_garden,
          grunt_decor_mini_mirrors, grunt_ministairs_8
D:3:      layout_rooms, mainiacjoe_overflow_brackets,
          mainiacjoe_overflow_six_doors_small, minmay_misc_feat_four_crosses
D:4:      layout_rooms, mainiacjoe_overflow_surrounded_room,
          minmay_temple_entry_butterflies, ebering_ghost_rock_garden
D:5:      layout_loops_ring
D:6:      layout_loops_ring, serial_glass, glass_columns_a, glass_columns_a,
          glass_columns_a, glass_columns_c, gammafunk_ghost_split,
          uniq_blork_the_orc

Skill      XL: |  1  2  3  4  5  6  7  8 |
---------------+-------------------------+-----
Axes           | 3 4 5 6 7 |  7.0
Fighting       | 4 5 |  5.0
Armour         | 4 5 |  5.7
Shields        | 5 |  5.9

Action                     |  1- 3 |  4- 6 |  7- 9 || total
---------------------------+-------+-------+-------++-------
  Melee: War axe           |    40 |       |       ||    40
         Battleaxe         |    16 |    95 |    62 ||   173
    Use: Scroll            |     4 |     2 |     2 ||     8
 Armour: Scale mail        |    21 |     2 |       ||    23
         Chain mail        |       |    46 |       ||    46
         Plate armour      |       |    10 |    41 ||    51
  Dodge: Dodged            |    23 |    45 |    20 ||    88
  Block: Buckler           |    13 |    30 |    13 ||    56

Table legend: (Time is in decaauts)
 A = Elapsed time spent in this place.
 B = Non-inter-level travel time spent in this place.
 C = Inter-level travel time spent in this place.
 D = Time resting spent in this place.
 E = Time spent auto-exploring this place.
 F = Levels seen in this place.
 G = Mean time per level.
                   A        B        C        D        E       F      G
               +--------+--------+--------+--------+--------+-----+--------+
         Total |   4494 |   4359 |    135 |    374 |   2673 |   6 |  749.0 |
       Dungeon |   4494 |   4359 |    135 |    374 |   2673 |   6 |  749.0 |
               +--------+--------+--------+--------+--------+-----+--------+

Top non-repeatable levels by time:
     D:5: 1042 daAuts
     D:1: 898 daAuts
     D:2: 877 daAuts
     D:4: 676 daAuts
     D:3: 561 daAuts
     D:6: 439 daAuts
